 Dungeon Crawl Stone Soup version 0.29-a0-341-g24ffce5b50 (webtiles) character file.

Game seed: 11617183456328533497

1724 spaghetti the Slinger (level 8, -5/60 HPs)
             Began as a Demigod Hunter on Apr 20, 2022.
             Slain by an orc warrior
             ... wielding a +0 war axe
              (16 damage)
             ... on level 6 of the Dungeon.
             The game lasted 00:11:12 (5539 turns).

spaghetti the Slinger (Demigod Hunter)              Turns: 5539, Time: 00:11:13

Health: -5/60      AC:  4    Str: 17 (18) XL:     8   Next: 47%
Magic:  0/19       EV: 12    Int: 17      God:
Gold:   285        SH:  0    Dex: 17      Spells: 6/7 levels left

rFire   . . .      SeeInvis .   b - +5 mace "Hitialiss" {elec, +Blink rN+, mace}
rCold   . . .      Faith    .   (no shield)
rNeg    + . .      Spirit   +   i - +0 leather armour
rPois   .          Reflect  .   (no helmet)
rElec   .          Harm     .   A - +0 cloak
rCorr   .          Rampage  .   (no gloves)
Will    .....                   (no boots)
Stlth   ++........              x - amulet of guardian spirit
HPRegen 0.20/turn               E - ring of magical power
MPRegen 0.16/turn               w - +6 ring of strength

@: no status effects
A: high MP 1, forlorn, divine attributes, deterioration 1, dopey 1, no potion
heal 1
a: Evoke Blink


You were on level 6 of the Dungeon.
You visited 1 branch of the dungeon, and saw 6 of its levels.

You collected 285 gold pieces.


Innate Abilities, Weirdness & Mutations

You have an increased reservoir of magic. (+10% MP)
You shall have no god before yourself.
Your divine heritage dramatically boosts your attributes as you level up.
Your body sometimes deteriorates upon taking damage.
You are dopey. (Int -2)
Potions are less effective at restoring your health.


   Skills:
 - Level 1.7 Fighting
 + Level 11.0 Slings
 - Level 1.7 Dodging
 - Level 0.8 Stealth


You had 6 spell levels left.
You knew the following spells:

 Your Spells              Type           Power      Damage    Failure   Level
a - Summon Small Mammal   Summ           0%         N/A       28%         1

Your spell library contained the following spells:

 Spells                   Type           Power      Damage    Failure   Level
 Animate Skeleton         Necr           0%         N/A       28%         1
 Apportation              Tloc           0%         N/A       28%         1

Inventory:

Hand Weapons
 a - a +3 fustibalus of freezing {sling}
   (You acquired it on level 2 of the Dungeon)
 b - the +5 mace "Hitialiss" (weapon) {elec, +Blink rN+, mace}
   (You found it on level 5 of the Dungeon)

   It occasionally discharges a powerful burst of electricity upon striking a
   foe.
   rN:        It protects you from negative energy.
   +Blink:    It lets you blink.
 h - a +1 hunting sling {sling}
 k - a +0 broad axe of electrocution {axe}
   (You found it on level 4 of the Dungeon)
 o - a +1 hand axe of pain {axe}
   (You took it off a kobold on level 2 of the Dungeon)
 p - a +0 dagger of draining {short}
   (You took it off a goblin on level 2 of the Dungeon)
 B - a +1 whip of electrocution {mace}
   (You took it off a kobold on level 1 of the Dungeon)
Missiles
 f - 229 stones {throwing}
 j - 2 atropa-tipped darts {throwing}
 l - 6 javelins {throwing}
 C - 7 boomerangs {throwing}
Armour
 d - a +0 helmet
   (You took it off Robin on level 2 of the Dungeon)
 i - a +0 leather armour (worn)
 A - a +0 cloak (worn)
   (You found it on level 3 of the Dungeon)
Magical Staves
 G - a staff of earth {!astaff}
   (You found it on level 5 of the Dungeon)
 K - a staff of conjuration {!a@e2staff}
   (You found it on level 6 of the Dungeon)
Jewellery
 w - a +6 ring of strength (right hand)
   (You found it on level 5 of the Dungeon)
 x - an amulet of guardian spirit (around neck)
   (You found it on level 5 of the Dungeon)
 y - the amulet of Pride {Reflect Int+5 SH+5}
   (You acquired it on level 3 of the Dungeon)

   [amulet of reflection]

   It reflects blocked missile attacks.
   Int:       It affects your intelligence (+5).
   SH:        It affects your SH (+5).
 z - a +6 ring of intelligence
   (You found it on level 3 of the Dungeon)
 E - a ring of magical power (left hand)
   (You found it on level 4 of the Dungeon)
Wands
 r - a wand of digging (7)
   (You found it on level 3 of the Dungeon)
 J - a wand of acid (11)
   (You found it on level 6 of the Dungeon)
Scrolls
 c - a scroll of immolation {!r!r}
 e - 2 scrolls of teleportation {@r4}
 g - a scroll of amnesia
 n - a scroll of brand weapon
 s - a scroll of fog
 t - 2 scrolls of blinking {unknown}
 u - a scroll of magic mapping {unknown}
 v - 2 scrolls of summoning {unknown}
 D - a scroll of holy word {unknown}
 I - a scroll of identify {@r1}
 N - a scroll of fear {unknown}
Potions
 m - a potion of ambrosia
 F - 2 potions of resistance
 H - a potion of curing {@q1}
 L - a potion of magic {unknown}
 M - a potion of brilliance {unknown}

Dungeon Overview and Level Annotations

Branches:
Dungeon (6/15)
 Temple: D:4-7

Annotations:
D:5 2 runed translucent doors, bande's ghost, novice GrFi

..)))..#.# ########.#
.........#
######)####### .
.....#)....... ..
####.#..###### #...
####.#......# .....
.....#...##.######......
####.#..........@)......
....<...........o.....).
######.#................
>.......................
#######.................
....# #...........######
###.# #...........#
###.###...........#
..................#


You could see an orc warrior.


Message History

There is a stone staircase leading up here.
An orc comes into view. It is wielding a +0 flail.
You shoot a sling bullet. The sling bullet hits the orc!
The sling bullet freezes the orc.
You kill the orc!
You feel your dexterity returning.
No target in view!
No target in view!
No target in view!
No target in view!
No target in view!
An orc warrior comes into view. It is wielding a +0 war axe.
The orc warrior shouts!
You hear a shout!
An orc warrior is nearby!
You shoot a sling bullet.
The sling bullet closely misses the orc warrior.
An orc priest comes into view. It is wielding a +0 whip.
You shoot a sling bullet. The sling bullet hits the orc warrior.
The sling bullet freezes the orc warrior.
The orc priest calls upon Beogh to heal the orc warrior.
The orc warrior's wounds heal themselves!
You shoot a sling bullet.
The sling bullet closely misses the orc warrior.
You shoot a sling bullet.
The sling bullet hits the orc warrior but does no damage.
You shoot a sling bullet.
The sling bullet hits the orc warrior but does no damage.
You shoot a sling bullet.
The sling bullet hits the orc warrior but does no damage.
The orc priest looks encouraged for a moment.
The orc warrior barely misses you.
You shoot a sling bullet.
The sling bullet hits the orc warrior but does no damage.
The orc warrior closely misses you.
You shoot a sling bullet.
The sling bullet hits the orc warrior but does no damage.
You shoot a sling bullet.
The sling bullet hits the orc warrior but does no damage.
The orc priest casts a cantrip, but nothing happens.
The orc warrior hits you with a +0 war axe!!
The orc warrior hits you with a +0 war axe!
You are too injured to fight recklessly!
You are too injured to fight recklessly!
You are too injured to fight recklessly!
You are too injured to fight recklessly! 😮 HP[-22] MP[-6]
You take 22 damage, and now have 38/60 hp.
MASSIVE DAMAGE!! (PAUSE)
You lost 6 mp, and now have 13/19 mp.
Your system partially rejects the healing.
You feel much better. The orc priest hits you with a +0 whip.
The orc warrior hits you with a +0 war axe!
Your body deteriorates!
You feel weakened. 😮 HP[-6] MP[-3]
You take 6 damage, and now have 32/60 hp.
You lost 3 mp, and now have 10/19 mp.
Your +3 fustibalus of freezing {sling} stops glowing.
You hear the crackle of electricity.
b - the +5 mace "Hitialiss" (weapon)
{elec, +Blink rN+, mace} You sock the orc priest!
The orc priest completely misses you. The orc warrior misses you.
You hit the orc priest.
You kill the orc priest!
The orc warrior misses you. The orc warrior closely misses you.
Your Slings skill increases to level 11!
You sock the orc warrior!
The orc warrior hits you with a +0 war axe!
* * * LOW HITPOINT WARNING * * *
😨 HP[-11] MP[-3]
You take 11 damage, and now have 21/60 hp.
You lost 3 mp, and now have 7/19 mp.
You hit the orc warrior. The orc warrior closely misses you.
The orc warrior hits you with a +0 war axe.
* * * LOW HITPOINT WARNING * * *
😨 HP[-4] MP[-1]
You take 4 damage, and now have 17/60 hp.
You lost 1 mp, and now have 6/19 mp.
You barely miss the orc warrior.
The orc warrior hits you with a +0 war axe!
* * * LOW HITPOINT WARNING * * *
😱 HP[-6] MP[-2]
You take 6 damage, and now have 11/60 hp.
You lost 2 mp, and now have 4/19 mp.
Your system partially rejects the healing.
You feel much better.
The orc warrior hits you with a +0 war axe!
* * * LOW HITPOINT WARNING * * *
😱 HP[+3] MP[-1]
You regained 3 hp, and now have 14/60 hp.
You lost 1 mp, and now have 3/19 mp.
You closely miss the orc warrior.
The orc warrior hits you with a +0 war axe.
* * * LOW HITPOINT WARNING * * *
😱 HP[-3] MP[-1]
You take 3 damage, and now have 11/60 hp.
You lost 1 mp, and now have 2/19 mp.
You hit the orc warrior.
Lightning courses through the orc warrior!
The orc warrior hits you with a +0 war axe!!
You die...

Skill      XL: |  1  2  3  4  5  6  7  8 |
---------------+-------------------------+-----
Slings         | 4 5 6 9 11 | 11.0
Fighting       | |  1.7
Dodging        | |  1.7
Stealth        | |  0.8

Action                   |  1- 3 |  4- 6 |  7- 9 || total
-------------------------+-------+-------+-------++-------
Melee: Whip              |    25 |       |       ||    25
       Mace              |       |     8 |    12 ||    20
       Headbutt          |       |     5 |       ||     5
       Punch             |       |     1 |       ||     1
 Fire: Hunting sling     |   111 |     8 |       ||   119
       Fustibalus        |       |   140 |   111 ||   251
 Cast: Summon Small Mamm |       |     2 |     1 ||     3
  Use: Potion            |     2 |     9 |     3 ||    14
       Scroll            |       |    10 |       ||    10
Armor: Leather armour    |    13 |    24 |     7 ||    44
Dodge: Dodged            |    42 |    29 |    25 ||    96
Block: Other             |       |    13 |     2 ||    15

Levels and vault maps discovered:
D:1:      psy_arrival_whirlpool, layout_basic
D:2:      layout_basic, basic_altar, uniq_robin
D:3:      layout_basic, mainiacjoe_overflow_surrounded_room,
          basic_ecumenical_altar, dk_noncrumbling_3, dk_vineyard_3,
          solitary_fountain, grunt_ministairs_5, columned_hall_lemuel,
          minmay_pentomino_pile
D:4:      layout_basic, chequers_avenue
D:5:      layout_basic, mainiacjoe_overflow_brackets, tso_metal_star,
          ebering_ghost_sewer_f, uniq_pikel, uniq_menkaure
D:6:      layout_basic

Notes
Turn   | Place    | Note
-------+----------+-------------------------------------------
     0 | D:1      | spaghetti the Demigod Hunter began the quest for the Orb.
     0 | D:1      | Reached XP level 1. HP: 17/17 MP: 3/3
     0 | D:1      | magus.rc [v1.9.6]
   314 | D:1      | Reached skill level 4 in Slings
   344 | D:1      | Reached XP level 2. HP: 24/24 MP: 4/4
   965 | D:2      | Reached XP level 3. HP: 22/29 MP: 5/5
  1203 | D:2      | Noticed Robin
  1423 | D:2      | Reached skill level 5 in Slings
  1689 | D:2      | Killed Robin
  1699 | D:2      | HP: 5/28 [hobgoblin/+0 club[Robin] (4)]
  1773 | D:2      | Reached XP level 4. HP: 23/35 MP: 6/6
  2034 | D:2      | Identified a scroll of acquirement
  2035 | D:2      | Acquired a +3 fustibalus of freezing
  2697 | D:3      | Acquired the amulet of Pride {Reflect Int+5 SH+5}
  3191 | D:4      | Reached skill level 6 in Slings
  3259 | D:4      | Reached XP level 5. HP: 41/41 MP: 7/7
  3313 | D:4      | Noticed a yak
  3313 | D:4      | Noticed a yak
  3313 | D:4      | Noticed a yak
  3314 | D:4      | Noticed a yak
  3315 | D:4      | Noticed a yak
  3319 | D:4      | Gained mutation: You have hidden genetic defects. [potion
                  | of mutation]
  3319 | D:4      | Gained mutation: You expend magic power (3 MP) to
                  | strengthen your wands. [potion of mutation]
  3397 | D:4      | Gained mutation: You sometimes lose the ability to read
                  | scrolls when taking damage. [hidden defects]
  3432 | D:5      | Entered Level 5 of the Dungeon
  3464 | D:5      | Found a runed translucent door.
  3467 | D:5      | Noticed bande's ghost (novice GrFi)
  3502 | D:5      | Lost mutation: You have hidden genetic defects. [potion of
                  | mutation]
  3502 | D:5      | Lost mutation: You sometimes lose the ability to read
                  | scrolls when taking damage. [potion of mutation]
  3502 | D:5      | Lost mutation: You expend magic power (3 MP) to strengthen
                  | your wands. [potion of mutation]
  3502 | D:5      | Gained mutation: Your spells are a little easier to cast,
                  | but a little less powerful. [potion of mutation]
  3502 | D:5      | Gained mutation: You have a pair of small horns on your
                  | head. [potion of mutation]
  3502 | D:5      | Gained mutation: Your body sometimes deteriorates upon
                  | taking damage. [potion of mutation]
  3615 | D:5      | Noticed an ogre
  3617 | D:5      | Noticed Menkaure
  3655 | D:4      | Reached XP level 6. HP: 38/48 MP: 8/8
  3802 | D:4      | Reached skill level 7 in Slings
  4024 | D:5      | You pick up a book of Cantrips and begin reading...
  4024 | D:5      | You add the spells Animate Skeleton, Summon Small Mammal
                  | and Apportation to your library.
  4027 | D:5      | Learned a level 1 spell: Summon Small Mammal
  4105 | D:5      | Identified the +5 mace "Hitialiss" {elec, +Blink rN+}
  4178 | D:5      | Noticed Pikel
  4195 | D:5      | Killed Pikel
  4196 | D:5      | Reached skill level 9 in Slings
  4196 | D:5      | Reached XP level 7. HP: 36/53 MP: 9/9
  4198 | D:5      | Lost mutation: Your spells are a little easier to cast, but
                  | a little less powerful. [potion of mutation]
  4198 | D:5      | Lost mutation: You have a pair of small horns on your head.
                  | [potion of mutation]
  4198 | D:5      | Gained mutation: You are dopey. (Int -2) [potion of
                  | mutation]
  4198 | D:5      | Gained mutation: Potions are less effective at restoring
                  | your health. [potion of mutation]
  4328 | D:5      | Killed Menkaure
  4395 | D:5      | Found a runed translucent door.
  4630 | D:5      | Reached XP level 8. HP: 60/60 MP: 10/10
  4756 | D:5      | Reached skill level 10 in Slings
  5534 | D:6      | Reached skill level 11 in Slings
  5536 | D:6      | HP: 11/60 [orc warrior/+0 war axe (6)]
  5539 | D:6      | Slain by an orc warrior

Vanquished Creatures
  Pikel (D:5)
  Menkaure (D:5)
  An orc warrior (D:6)
  2 black bears
  A sky beast (D:5)
  An ogre (D:5)
  2 scorpions (D:5)
  A howler monkey (D:6)
  A hound (D:6)
  A jelly (D:4)
  2 orc priests (D:6)
  A gnoll shaman (D:4)
  4 orc wizards
  Robin (D:2)
  3 gnolls (D:4)
  11 adders
  3 white imps
  An ufetubus (D:4)
  2 dart slugs
  27 orcs
  3 bats
  5 endoplasms
  4 giant cockroaches
  11 hobgoblins
  5 jackals
  A quokka (D:2)
  7 ball pythons
  8 frilled lizards
  15 goblins
  5 kobolds
  3 rats
134 creatures vanquished.

Table legend:
 A = Non-vault XP
 B = Vault XP
 C = Vault XP percentage of total XP
 D = Non-vault monster count
 E = Vault monster count
 F = Vault count percentage of total count
                 A         B        C        D         E       F
            +---------+---------+-------+---------+---------+-------
      Total |    1593 |     871 |  35.3 |     114 |      20 |  14.9
            +---------+---------+-------+---------+---------+-------
        D:1 |      40 |       0 |   0.0 |      23 |       0 |   0.0
        D:2 |      76 |      35 |  31.5 |      21 |      11 |  34.4
        D:3 |      55 |      16 |  22.5 |      14 |       7 |  33.3
        D:4 |     319 |       0 |   0.0 |      16 |       0 |   0.0
        D:5 |     550 |     820 |  59.9 |      18 |       2 |  10.0
        D:6 |     553 |       0 |   0.0 |      22 |       0 |   0.0
            +---------+---------+-------+---------+---------+-------

Illustrated notes

Table legend:
 A = Kills in this place as a percentage of kills in entire the game.
 B = Kills by you in this place as a percentage of kills by you in the entire game.
 C = Kills by friends in this place as a percentage of kills by friends in the entire game.
 D = Other kills in this place as a percentage of other kills in the entire game.
 E = Experience gained in this place as a percentage of experience gained in the entire game.
 F = Experience gained in this place divided by the number of levels of this place that you have seen.
                   A       B       C       D       E      F
               +-------+-------+-------+-------+-------+----------------------
         Total | 100.0 | 100.0 |   N/A |   N/A | 100.0 | 410.7
       Dungeon | 100.0 | 100.0 |   N/A |   N/A | 100.0 | 410.7
               +-------+-------+-------+-------+-------+----------------------

Table legend: (Time is in decaauts)
 A = Elapsed time spent in this place.
 B = Non-inter-level travel time spent in this place.
 C = Inter-level travel time spent in this place.
 D = Time resting spent in this place.
 E = Time spent auto-exploring this place.
 F = Levels seen in this place.
 G = Mean time per level.
                   A        B        C        D        E       F      G
               +--------+--------+--------+--------+--------+-----+--------+
         Total |   5621 |   5505 |    116 |    663 |   3931 |   6 |  936.8 |
       Dungeon |   5621 |   5505 |    116 |    663 |   3931 |   6 |  936.8 |
               +--------+--------+--------+--------+--------+-----+--------+

Top non-repeatable levels by time:
     D:2: 1304 daAuts
     D:5: 1005 daAuts
     D:3: 966 daAuts
     D:1: 906 daAuts
     D:6: 748 daAuts
     D:4: 688 daAuts
